Construct Section Command Post
Construct Platoon Command Post
Selects Australian Defense Battlegroup
Selects Australian Light Infantry Section
Selects 2-pounder Anti-tank Gun Team
2-pounder Anti-tank Gun Team
Unlock Bishop Self-propelled Artillery
Bishop Self-propelled Artillery
Bishop Self-propelled Artillery
Selects CMP 15cwt Supply Run
Selects Artillery Trip Wire Flares
2-pounder Anti-tank Gun Team
Bishop Self-propelled Artillery
Bishop Self-propelled Artillery
Selects Archer Tank Destroyer
Selects Vehicle Over Repair
Bishop Self-propelled Artillery